 Dungeon Crawl Stone Soup version 0.32-a0-886-g41c5271027 (webtiles) character file.

Game seed: 14934910970297431644

21 Anno the Sneak (level 2, 0/16 HPs)
             Began as a Felid Delver on Apr 3, 2024.
             Frozen to death by an endoplasm (5 damage)
             ... on level 2 of the Dungeon.
             The game lasted 00:03:21 (996 turns).

Anno the Sneak (Felid Delver)                        Turns: 996, Time: 00:03:22

Health: 0/16       AC:  1    Str:  8    XL:     2   Next: 65%
Magic:  3/3        EV: 17    Int: 13    God:
Gold:   88         SH:  0    Dex: 17    Spells: 1/1 levels left
                                        Lives:  0   Deaths: 1

rFire   . .          .
                       - Unarmed
rCold   . . .        (shield unavailable)
rNeg    . . .        (body armour unavailable)
rPois   .            (helmet unavailable)
rElec   .            (cloak unavailable)
rCorr   .            (gloves unavailable)
SInv    +            (boots unavailable)
Will    .....        (no amulet)
Stlth   ++++         (no ring)
HPRegen 0.22/turn    (no ring)
MPRegen 0.08/turn

%: no passive effects
@: no status effects
A: very small, claws 1, fangs 3, see invisible, shaggy fur 1, stealthy paws, no
weapons or thrown items, no armour, multi-lived
a: no special abilities


You were on level 2 of the Dungeon.
You visited 1 branch of the dungeon, and saw 5 of its levels.

You collected 88 gold pieces.

Inventory:

Talismans
 q - a blade talisman
Wands
 e - a wand of digging (3)
Scrolls
 a - 2 scrolls of fog
 b - 3 scrolls of revelation
 c - a scroll of fear
 i - 3 scrolls of vulnerability {unknown}
 j - a scroll of brand weapon {unknown}
 k - 3 scrolls of identify {unknown}
 l - a scroll of silence {unknown}
 m - a scroll of noise {unknown}
 n - a scroll of poison {unknown}
 o - a scroll of enchant weapon {unknown}
Potions
 d - a potion of haste
 f - a potion of curing {unknown}
 g - a potion of attraction {unknown}
 h - a potion of might {unknown}
 p - a potion of berserk rage {unknown}
 r - a potion of lignification {unknown}


   Skills:
 * Level 3.3 Fighting
 - Level 3.0 Dodging
 - Level 6.7 Stealth
 * Level 2.5 Unarmed Combat


You had one spell level left.
You didn't know any spells.
Your spell library was empty.

Dungeon Overview and Level Annotations

Branches:
Dungeon (5/15)
 Temple: D:4-7

Altars:

Annotations:
D:2 Natasha


Innate Abilities, Weirdness & Mutations

You have sharp claws.
You have razor-sharp teeth.
You have supernaturally acute eyesight. (SInv)
You are covered in fur. (AC +1)
Your paws help you pounce on unaware monsters.
You are incapable of wielding weapons or throwing items.
You cannot wear armour.
You gain extra lives every three experience levels.


Message History

You kill the goblin!
The helpless ball python fails to defend itself.
You mangle the ball python!!
You kill the ball python!
r - a viscous silvery potion
Found a staircase leading out of the dungeon.
You enter the shallow water.
Moving in this stuff is going to be slow.
You enter the shallow water.
Moving in this stuff is going to be slow.
You see here a quokka corpse.
i - 3 scrolls labelled IDURGH SOEJ JOP (gained 1)
You enter the shallow water.
Moving in this stuff is going to be slow.
Partly explored, can't reach some places.
Partly explored, can't reach some places.
You enter the shallow water.
Moving in this stuff is going to be slow.
There is a stone staircase leading down here.
You climb downwards.
There is a stone staircase leading up here.
Found 5 stones.
A rat comes into view.
Natasha, Servant of Life and Death comes into view.
Found a glowing hat.
The helpless rat fails to defend itself.
You mangle the rat!!
You kill the rat!
An endoplasm comes into view.
Found an escape hatch in the floor.
Natasha hisses angrily.
Natasha stares at you and mumbles some strange words.
The magic dart hits you!
The endoplasm quivers.
The endoplasm freezes you.
You are frozen.
You completely miss the endoplasm. The endoplasm freezes you.
You are frozen.
You die...

.. .. . ...[
#. .#.#. ##
.... #>.#..#
#.....# #h#
#J#### #.@..#
##
####.####...
######........
#.............
#.<...........
#.............
#.............
######.......(
#........


You could see Natasha and an endoplasm.

Vanquished Creatures
  2 bats (D:1)
  2 endoplasms
  2 goblins (D:1)
  2 hobgoblins (D:1)
  A quokka (D:1)
  5 ball pythons
  2 kobolds (D:1)
  4 rats
20 creatures vanquished.

Notes
Turn   | Place    | Note
-------+----------+-------------------------------------------
     0 | D:5      | Anno the Felid Delver began the quest for the Orb.
     0 | D:5      | Reached XP level 1. HP: 12/12 MP: 2/2
    56 | D:5      | Noticed a centaur
    59 | D:5      | Shot with an arrow by a centaur
    59 | D:5      | Lost a life (0 lives remaining)
   403 | D:1      | Reached XP level 2. HP: 16/16 MP: 3/3
   407 | D:1      | Found a faded altar of an unknown god.
   988 | D:2      | Noticed Natasha
   996 | D:2      | Frozen to death by an endoplasm

Illustrated notes

Levels and vault maps discovered:
D:1:      kilobyte_arrival_exit_the_forest, layout_rooms,
          hellmonk_ecumenical_altar_arch_garden
D:2:      layout_rooms, st_stairs_3, minivault_24,
          chequers_serial_rivers_micro_c, uniq_natasha
D:3:      layout_basic
D:4:      layout_loops_ring, temple_hall, hellmonk_no_cap
D:5:      layout_loops_corners, nicolae_uskayaw_suspiria

Skill      XL: |  1 |
---------------+----+-----
Dodging        | 3 |  3.0
Fighting       | |  3.3
Stealth        | |  6.7
Unarmed Combat | |  2.5

Action                     || total
---------------------------++-------
  Melee: Unarmed           ||    35
         Bite              ||     1
    Use: Potion            ||     1
   Stab: Sleeping          ||    11
 Armour: Skin              ||    13
  Dodge: Dodged            ||    22

Table legend: (Time is in decaauts)
 A = Elapsed time spent in this place.
 B = Non-inter-level travel time spent in this place.
 C = Inter-level travel time spent in this place.
 D = Time resting spent in this place.
 E = Time spent auto-exploring this place.
 F = Levels seen in this place.
 G = Mean time per level.
                   A        B        C        D        E       F      G
               +--------+--------+--------+--------+--------+-----+--------+
         Total |   1002 |    959 |     43 |      2 |    474 |   5 |  200.4 |
       Dungeon |   1002 |    959 |     43 |      2 |    474 |   5 |  200.4 |
               +--------+--------+--------+--------+--------+-----+--------+

Top non-repeatable levels by time:
     D:1: 720 daAuts
     D:4: 144 daAuts
     D:5: 67 daAuts
     D:2: 35 daAuts
     D:3: 34 daAuts
